Map: 2000 Atmospheres LE

Players

Trap - Winner!

  • Race: Protoss Protoss

Reynor

  • Race: Zerg Zerg

Event: TSL 7

VOD

Have the link to the VOD?

Description

Time

  • Played on: June 27, 2021, 1:58 p.m.
  • Length: 7:37

All games in this series

Show
View Real Time Build Order
Export as new Build Order

Trap Protoss - Winner!

Build Orders: 1 Gate Expand, Mass Adepts, Zealot Archon 

Get SALT Encoding   

  12  0:00  Probe  
  13  0:13  Pylon  
  13  0:17  Probe (Chrono Boost)  
  14  0:26  Probe (Chrono Boost)  
  15  0:32  Probe  
  16  0:40  Gateway  
  16  0:44  Probe  
  16  0:48  Assimilator  
  17  0:56  Probe  
  18  1:08  Probe  
  19  1:20  Probe  
  20  1:26  Nexus  
  20  1:36  Cybernetics Core  
  20  1:37  Probe  
  21  1:44  Assimilator  
  21  1:49  Probe  
  21  1:53  Pylon  
  22  2:01  Probe  
  23  2:09  Stalker (Chrono Boost)  
  23  2:10  Probe  
  23  2:12  Warp Gate  
  26  2:18  Probe  
  27  2:24  Twilight Council  
  27  2:28  Probe  
  27  2:33  Adept (Chrono Boost)  
  30  2:38  Probe  
  30  2:40  Probe  
  32  2:50  Probe  
  33  2:52  Probe  
  33  2:54  Adept  
  36  3:02  Probe  
  36  3:04  Probe  
  38  3:05  Gateway  
  38  3:11  Gateway  
  38  3:13  Resonating Glaives (Chrono Boost)  
  38  3:14  Probe  
  38  3:16  Probe  
  40  3:27  Probe  
  40  3:28  Probe  
  40  3:32  Pylon  
  42  3:39  Probe  
  42  3:40  Probe  
  44  3:47  Nexus  
  44  3:51  Pylon  
  44  3:53  Probe x2  
  46  4:04  Adept x2  
  46  4:05  Adept  
  46  4:08  Probe x2  
  54  4:12  Shield Battery  
  54  4:18  Pylon  
  54  4:25  Adept x2  
  54  4:26  Adept  
  60  4:32  Robotics Facility  
  60  4:35  Assimilator  
  60  4:37  Probe x2  
  60  4:38  Assimilator  
  62  4:47  Adept x3  
  62  4:52  Probe x2  
  70  4:53  Pylon  
  70  5:02  Probe  
  70  5:04  Probe  
  68  5:11  Probe  
  68  5:14  Probe  
  70  5:16  Probe, Sentry x3  
  69  5:23  Probe  
  69  5:24  Charge (Chrono Boost)  
  69  5:26  Probe, Gateway  
  69  5:27  Templar Archives  
  67  5:28  Probe, Gateway  
  67  5:35  Probe  
  67  5:36  Phoenix  
  67  5:38  Probe, Shield Battery  
  67  5:40  Probe  
  70  5:43  Pylon  
  70  5:46  Forge  
  70  5:48  Zealot  
  70  5:49  Zealot  
  73  5:51  Zealot  
  73  5:53  Probe x2  
  73  5:54  Probe  
  74  6:04  Gateway  
  74  6:06  Gateway  
  74  6:07  Gateway  
  74  6:08  Warp Prism (Chrono Boost)  
  76  6:19  High Templar x3, Pylon  
  76  6:20  High Templar  
  76  6:21  Probe  
  76  6:22  Probe x2  
  76  6:24  Archon  
  76  6:25  Archon  
  87  6:27  Zealot  
  87  6:32  Assimilator  
  89  6:35  Pylon  
  89  6:36  Assimilator  
  89  6:37  Pylon  
  89  6:38  Photon Cannon  
  89  6:47  Zealot, Stargate  
  89  6:51  Zealot  
  89  6:52  Zealot x2  
  96  7:00  Pylon  
  96  7:06  High Templar  
  96  7:07  High Templar, Zealot x3  
  106  7:12  Archon  
  106  7:22  Photon Cannon  
  106  7:24  Photon Cannon  
Show
View Real Time Build Order
Export as new Build Order

Reynor Zerg 

Build Orders: Hatch First 

Get SALT Encoding   

  12  0:00  Drone  
  13  0:12  Overlord  
  13  0:17  Drone  
  14  0:30  Drone x2  
  16  0:43  Drone  
  17  0:52  Hatchery  
  17  0:55  Drone  
  17  0:59  Drone  
  18  1:09  Extractor  
  17  1:14  Spawning Pool  
  17  1:17  Drone  
  17  1:20  Drone  
  18  1:27  Drone  
  19  1:38  Drone  
  20  1:49  Overlord  
  20  1:59  Drone  
  21  2:04  Drone, Queen x2  
  26  2:10  Zergling x2  
  26  2:13  Metabolic Boost  
  26  2:15  Zergling x2  
  28  2:21  Drone  
  29  2:25  Drone  
  30  2:37  Hatchery, Drone  
  29  2:41  Drone  
  31  2:44  Overlord  
  31  2:48  Overlord  
  31  3:03  Drone  
  31  3:04  Drone x2  
  36  3:09  Drone  
  36  3:12  Drone x3  
  38  3:14  Queen  
  38  3:17  Drone  
  41  3:20  Overlord  
  40  3:27  Drone  
  40  3:29  Drone  
  40  3:30  Queen  
  44  3:40  Drone  
  45  3:41  Roach Warren  
  45  3:45  Overlord  
  45  3:46  Drone x2  
  45  3:47  Drone  
  47  3:51  Zergling x4  
  47  3:55  Zergling x4  
  51  3:56  Zergling x2  
  51  3:58  Drone  
  51  4:02  Drone  
  54  4:04  Drone  
  54  4:06  Drone  
  54  4:07  Spore Crawler  
  54  4:09  Lair  
  56  4:11  Spore Crawler  
  56  4:13  Spore Crawler  
  56  4:15  Drone x2  
  56  4:18  Drone  
  56  4:23  Drone  
  58  4:27  Evolution Chamber, Overlord  
  58  4:29  Drone  
  58  4:32  Zergling x2  
  58  4:34  Zergling x6  
  62  4:39  Drone  
  62  4:40  Drone  
  62  4:43  Drone  
  65  4:47  Zergling x2  
  65  4:52  Zergling x12  
  71  4:55  Overlord  
  70  5:01  Zergling x4  
  70  5:03  Zergling x6  
  70  5:06  Drone x2  
  68  5:14  Drone  
  68  5:16  Zergling x4  
  68  5:20  Drone x3  
  68  5:21  Extractor  
  63  5:23  Drone  
  63  5:25  Spire  
  63  5:26  Drone  
  63  5:29  Drone  
  63  5:31  Drone  
  63  5:33  Drone  
  63  5:35  Drone  
  67  5:38  Extractor x2  
  67  5:40  Drone x2  
  67  5:42  Drone  
  68  5:47  Drone  
  67  5:50  Drone  
  67  5:53  Drone  
  67  5:55  Overlord  
  69  5:57  Drone x3  
  69  6:00  Drone  
  72  6:05  Extractor x2  
  72  6:06  Drone x4  
  72  6:07  Drone  
  75  6:14  Overlord  
  75  6:19  Drone x2  
  75  6:24  Drone  
  75  6:25  Drone  
  79  6:28  Roach Warren  
  79  6:30  Drone x3  
  79  6:31  Drone x2  
  84  6:33  Drone  
  84  6:36  Drone x2  
  87  6:40  Overlord  
  87  6:42  Hatchery  
  86  6:47  Overlord  
  86  6:55  Overlord  
  86  7:04  Overlord  
  86  7:10  Roach  
  86  7:11  Roach x9  
  101  7:18  Roach x6  
Tags
 
Add a new tag
Caveats
  • Supply blocks, unpowered buildings, or Contaminate may cause inaccurate times.
  • Supply counts are checked every 10 seconds.